 Dungeon Crawl Stone Soup version 0.31.0 (webtiles) character file.

Game seed: 12680014223020590798

129929 Aviak the Warrior (level 16, -3/165 HPs)
             Began as a Minotaur Berserker on Jan 19, 2024.
             Was a High Priest of Trog.
             Slain by a swamp worm (17 damage)
             ... on level 4 of the Swamp.
             The game lasted 00:54:05 (19728 turns).

Aviak the Warrior (Minotaur Berserker)             Turns: 19728, Time: 00:54:06

Health: -3/165     AC: 23    Str: 41    XL:     16   Next: 51%
Magic:  15/15      EV: 10    Int:  7    God:    Trog [*****.]
Gold:   1685       SH: 26    Dex: 17    Spells: 15/15 levels left

rFire   + + .        O - +6 broad axe (heavy)
rCold   + . .        k - +4 tower shield of the Accordion {rF+ rCorr Int-2 Dex+3}
rNeg    . . .        W - +0 chain mail of Erphi {rC+ Slay+6}
rPois   .            (helmet restricted)
rElec   .            U - +2 cloak {rF+}
rCorr   +            L - +3 pair of gauntlets of War {Slay+5}
SInv    .            (no boots)
Will    .....        g - amulet of Fyukia {Reflect Will- Int+6 SH+5 Stlth+} Stlth
                     v - +6 ring of strength
HPRegen 0.47/turn    n - +6 ring of strength
MPRegen 0.14/turn

%: reflection
@: very slow
A: horns 2, retaliatory headbutt, agile 1
a: Renounce Religion, Berserk, Trog's Hand, Brothers in Arms


You were on level 4 of the Swamp.
You worshipped Trog.
Trog was extremely pleased with you.
You visited 3 branches of the dungeon, and saw 23 of its levels.
You also visited: Sewer, Bailey, Gauntlet and Volcano.

You collected 2046 gold pieces.
You spent 361 gold pieces at shops.

Inventory:

Hand Weapons
 O - a +6 heavy broad axe (weapon)
 S - a +2 war axe of flaming
Missiles
 Q - 3 throwing nets (quivered) {!f}
Armour
 k - the +4 tower shield of the Accordion (worn) {rF+ rCorr Int-2 Dex+3}
   (You took it off a minotaur in a Gauntlet)

   Int-2:     It affects your intelligence (-2).
   Dex+3:     It affects your dexterity (+3).
   rF+:       It protects you from fire.
   rCorr:     It protects you from acid and corrosion.
 L - the +3 pair of gauntlets of War (worn) {Slay+5}
   (You found it in a bailey)

   Slay+5:    It affects your accuracy & damage with ranged weapons and melee
   (+5).
 R - a +4 chain mail of positive energy
 U - a +2 cloak of fire resistance (worn)
 W - the +0 chain mail of Erphi (worn) {rC+ Slay+6}
   (You found it on level 3 of the Lair of Beasts)

   Slay+6:    It affects your accuracy & damage with ranged weapons and melee
   (+6).
   rC+:       It protects you from cold.
Jewellery
 g - the amulet of Fyukia (around neck) {Reflect Will- Int+6 SH+5 Stlth+}
   (You took it off a minotaur in a Gauntlet)

   [amulet of reflection]

   Reflect:   It reflects blocked missile attacks.
   Int+6:     It affects your intelligence (+6).
   Will-:     It decreases your willpower.
   SH+5:      It affects your SH (+5).
   Stlth+:    It makes you more stealthy.
 n - a +6 ring of strength (right hand)
 v - a +6 ring of strength (left hand)
 w - a +6 ring of intelligence
 A - a +4 ring of protection
 F - a ring of protection from fire
 I - a ring of positive energy
 M - the amulet of Dodghihun {Reflect rN+++ Regen+ Int-3 Dex-5 SH+5}
   (You found it in a bailey)

   [amulet of reflection]

   Reflect:   It reflects blocked missile attacks.
   Int-3:     It affects your intelligence (-3).
   Dex-5:     It affects your dexterity (-5).
   rN+++:     It renders you almost immune to negative energy.
   Regen+:    It increases your rate of health regeneration.
   SH+5:      It affects your SH (+5).
 T - a ring of positive energy
Talismans
 y - the serpent talisman "Ateukhal" {MP+9 Str+2}
   (You took it off Aizul on level 3 of the Swamp)

   [serpent talisman]

   Str+2:     It affects your strength (+2).
   MP+9:      It affects your magic capacity (+9).
 X - a granite talisman
Wands
 b - a wand of polymorph (11)
 j - a wand of flame (50)
 u - a wand of light (17)
 C - a wand of paralysis (39)
 E - a wand of digging (6)
 G - a wand of mindburst (10)
 N - a wand of iceblast (15)
Scrolls
 a - a scroll of poison
 e - 2 scrolls of torment {!r}
 i - a scroll of butterflies {unknown}
 r - 4 scrolls of enchant armour
 s - a scroll of fog
 t - 2 scrolls of teleportation
 z - 3 scrolls of fear
 D - 2 scrolls of noise {!r!r}
 H - a scroll of vulnerability {unknown}
 J - a scroll of revelation
 Z - 2 scrolls of immolation {unknown}
Potions
 c - 7 potions of curing
 d - 3 potions of might
 f - 8 potions of haste
 h - 6 potions of heal wounds
 l - a potion of cancellation
 m - 2 potions of magic
 o - 3 potions of invisibility
 p - a potion of experience {unknown}
 q - 5 potions of enlightenment
 B - 3 potions of lignification {!q}
 K - a potion of resistance {unknown}
 P - 2 potions of mutation {!q}
 V - 5 potions of attraction
 Y - 4 potions of ambrosia {unknown}


   Skills:
 + Level 20.6 Fighting
 - Level 18.1 Axes
 + Level 18.1 Armour
 - Level 2.8 Dodging
 + Level 10.9 Shields
 - Level 8.6 Evocations


You had 15 spell levels left.
You didn't know any spells.
Your spell library was empty.

Dungeon Overview and Level Annotations

Branches:
Dungeon (14/15)            Temple (0/1) D:5            Lair (5/5) D:11
  Swamp (4/4) Lair:2       Spider (0/4) Lair:2        Slime (0/5) Lair:5
    Orc (0/2) D:9          Vaults (0/5) D:13          Sewer (visited)
 Bailey (visited)         Volcano (visited)         Gauntlet (visited)

Altars:
Ashenzari
Zin
Jiyva

Shops:
D:2 *   D:5 [[(   D:11 !

Portals:
Trove: D:13 (give 2 scrolls of acquirement)

Annotations:
D:7 2 transporters, Sapher's ghost, amateur OnWr
Swamp:2 3 runed translucent doors, Ricegish's ghost, adept GnFi; Silenth's ghost, adept KoHu; Vudadgh's ghost, adept HuWr


Innate Abilities, Weirdness & Mutations

You have a pair of horns on your head.
You reflexively headbutt those who attack you in melee.
You are agile. (Dex +4, Str/Int -1)


Message History

You feel better.
You are engulfed in poison gas.
You are poisoned.
* * * LOW HITPOINT WARNING * * *
You feel very sick.
You feel better.
You are engulfed in poison gas.
You are poisoned.
* * * LOW HITPOINT WARNING * * *
Your surroundings suddenly seem different.
Splash!
A tyrant leech, an orc sorcerer, a spriggan air mage, a chaos spawn and a thorn hunter come into view.
The orc sorcerer is wielding a +0 dagger and wearing a +2 robe of positive energy.
Found a weird glowing staff.
You feel very sick.
The orc sorcerer shouts!
The chaos spawn squeals angrily.
You block the tyrant leech's attack.
The orc sorcerer gestures wildly while chanting.
The spriggan air mage hits you but does no damage.
Blink to where?
Press: ? - help, Dir - move target Splash!
Found a scroll of identify.
As you read the scroll of blinking, it crumbles to dust.
You feel very sick.
As you read the scroll of teleportation, it crumbles to dust.
You feel strangely unstable.
You feel sick.
The spriggan air mage casts a spell at you.
The bolt of lightning misses you.
You feel sick.
You feel better.
Your surroundings suddenly seem different.
Splash!
You fall into the shallow water.
Moving in this stuff is going to be slow.
A swamp worm comes into view.
The swamp worm bites you!
* * * LOW HITPOINT WARNING * * *
You barely miss the swamp worm. You headbutt the swamp worm!
The swamp worm is moderately wounded.
The swamp worm bites you!
You die...

♣♣♣....~♣~....♣~.....§~
♣~.~.~.~~~~~~♣<..~.~~
♣♣~~~~♣~~§~~~~♣...~~~~
♣♣...♣♣♣.~~~~..♣♣~.~~~.
♣..<~.♣~~...~~~♣♣♣♣.~~§
♣.~.♣§♣♣♣♣♣~~~..♣ ♣♣~~~
♣♣..~~~♣ ♣♣~...♣♣♣~.~~
♣♣~~~~♣♣ ♣♣.......♣♣~
♣§~@~♣ ♣....~~~.~..
♣.~w§♣ ♣~~~.~~~~~~~
♣~~~.♣ ♣<.♣.~~~~~♣.
♣♣♣♣♣♣ ♣♣♣♣.~~~~...
♣♣~~~...♣ ♣♣♣~♣♣♣♣ ♣♣♣


You could see a swamp worm.

Vanquished Creatures
  Jorgrun (Swamp:3)
  Aizul (Swamp:3)
  2 fenstrider witches (Swamp:4)
  A reaper (Gauntlet)
  An ironbound preserver (D:13)
  A minotaur (Gauntlet)
  2 bunyips (Swamp:1)
  2 eleionomae
  A shambling mangrove (Swamp:4)
  Harold (D:9)
  3 ghost crabs
  6 hydras
  A hell beast (Swamp:4)
  2 ogre magi (Swamp:4)
  2 catoblepae
  A merfolk avatar (Lair:5)
  Erica (D:8)
  A spriggan air mage (Swamp:4)
  7 alligators
  3 boulder beetles
  6 two-headed ogres
  4 centaur warriors
  10 death yaks
  2 tengu warriors (D:13)
  A sixfirhy (Swamp:4)
  3 skysharks
  Lodul (D:13)
  A spriggan druid (Swamp:2)
  7 goliath frogs
  An arcanist (Swamp:4)
  2 bog bodies
  4 swamp dragons
  2 lindwurms (Volcano)
  2 harpies (Lair:5)
  A necromancer (Gauntlet)
  2 deep elf zephyrmancers (Swamp:4)
  3 deep elf pyromancers
  An oklob plant (Gauntlet)
  2 orc sorcerers (Swamp:4)
  7 ugly things
  3 manticores
  4 will-o-the-wisps
  20 elephants (Lair:5)
  3 cyclopes
  9 black mambas
  5 molten gargoyles
  6 gargoyles
  3 smoke demons (Swamp:4)
  12 cane toads
  2 orange demons (Swamp:4)
  A torpor snail (Lair:3)
  6 rime drakes
  2 ice devils (D:13)
  13 komodo dragons
  3 kobold demonologists (D:12)
  A bloated husk (Swamp:3)
  3 trolls
  2 polar bears (Lair:5)
  6 hornets
  7 tyrant leeches
  2 wind drakes (Lair:5)
  31 blink frogs
  Prince Ribbit (Lair:2)
  A snapping turtle (Lair:5)
  4 dream sheep (Lair:5)
  5 slime creatures
  A culicivora (shapeshifter) (D:14)
  3 vampires
  2 shadows
  A wraith (D:12)
  2 fire elementals (Volcano)
  4 wyverns
  8 basilisks
  6 spriggans
  A yak (shapeshifter) (D:13)
  43 yaks
  3 steam dragons
  14 vampire mosquitoes
  Grum (D:8)
  A chaos spawn (Swamp:4)
  14 swamp worms
  3 acid dragons
  17 water moccasins
  5 orc warriors
  A black bear (D:4)
  A swamp drake (Swamp:1)
  11 wolves
  9 ogres
  3 centaurs (D:11)
  4 phantoms
  3 kobold brigands
  11 bullfrogs
  2 earth elementals (Volcano)
  2 scorpions
  5 wights (D:7)
  23 killer bees
  4 electric eels
  6 vampire bats (Bailey)
  6 howler monkeys
  9 wolf zombies (Bailey)
  2 bombardier beetles
  A hound (D:5)
  A jelly (D:4)
  2 sleepcaps (D:6)
  10 orc priests
  2 gnoll boudas
  2 iguanas
  Natasha (thrice) (D:2)
  15 orc wizards
  Terence (D:2)
  Robin (D:3)
  9 gnolls
  6 adders
  A river rat (Sewer)
  3 shadow imps
  3 white imps
  2 ufetubi (D:5)
  3 ribbon worms
  40 orcs
  8 endoplasms
  3 giant cockroaches
  17 goblins
  6 hobgoblins
  4 jackals
  20 kobolds
  5 quokkas
  8 ball pythons
  9 bats
  3 frilled lizards
  16 orc zombies (Bailey)
  7 rats
699 creatures vanquished.

Vanquished Creatures (collateral kills)
  Frances (Swamp:2)
  A thorn hunter (Swamp:2)
  A hydra (Lair:3)
  4 death yaks (Lair:1)
  A two-headed ogre (D:8)
  Amaemon (D:8)
  A spriggan druid (Swamp:2)
  An ugly thing (D:8)
  Maurice (D:7)
  An orange demon (D:8)
  A steam dragon (D:9)
  A water moccasin (Lair:1)
  3 howler monkeys (D:9)
  4 orc wizards (D:9)
  2 orcs (D:9)
24 creatures vanquished.

Vanquished Creatures (others)
  A bunyip (Swamp:3)
  A bog body (Swamp:2)
  2 bloated husks
  3 hornets (Swamp:1)
  A spriggan (Swamp:1)
  3 orcs (D:6)
  20 foxfires
31 creatures vanquished.

Grand Total: 754 creatures vanquished

Notes
Turn   | Place    | Note
-------+----------+-------------------------------------------
     0 | D:1      | Aviak the Minotaur Berserker began the quest for the Orb.
     0 | D:1      | Reached XP level 1. HP: 19/19 MP: 0/0
   138 | D:1      | Found a faded altar of an unknown god.
   174 | D:1      | Reached XP level 2. HP: 27/27 MP: 1/1
   551 | D:2      | Noticed Terence
   559 | D:2      | Killed Terence
   560 | D:2      | Reached skill level 4 in Fighting
   560 | D:2      | Reached XP level 3. HP: 33/33 MP: 2/2
   641 | D:2      | Noticed Natasha
   649 | D:2      | Killed Natasha
   650 | D:2      | Reached skill level 5 in Axes
   650 | D:2      | Reached XP level 4. HP: 29/41 MP: 3/3
   790 | D:2      | Found Finoin's Assorted Antiques.
   823 | D:2      | Noticed Natasha
   835 | D:2      | Killed Natasha
   951 | D:2      | Bought a buckler for 99 gold pieces
   969 | D:2      | Reached ** piety under Trog
   980 | D:2      | Identified the +0 robe of the Tanner {rF++ MP+9 Archmagi}
   993 | D:2      | Reached XP level 5. HP: 46/47 MP: 4/4
  1159 | D:2      | Noticed Natasha
  1166 | D:2      | Killed Natasha
  1256 | D:3      | Reached skill level 1 in Shields
  1449 | D:3      | Reached skill level 5 in Fighting
  1575 | D:3      | Noticed Robin
  1585 | D:3      | Reached XP level 6. HP: 49/56 MP: 5/5
  1589 | D:3      | Killed Robin
  1927 | D:3      | Found a glowing silver altar of Zin.
  2124 | D:4      | Reached *** piety under Trog
  2522 | D:4      | Reached XP level 7. HP: 62/62 MP: 6/6
  2545 | D:4      | Found a broken altar of Ashenzari.
  2689 | D:4      | Reached skill level 6 in Fighting
  2689 | D:4      | Reached skill level 5 in Armour
  2884 | D:5      | Entered Level 5 of the Dungeon
  3343 | D:5      | Found Jojigeq's Weapon Shop.
  3373 | D:5      | Found Conel's Antique Armour Emporium.
  3377 | D:5      | Bought a glowing chain mail for 187 gold pieces
  3395 | D:5      | Found Curoenu's Antique Armour Boutique.
  3437 | D:5      | Found a staircase to the Ecumenical Temple.
  3986 | D:6      | Reached XP level 8. HP: 60/71 MP: 7/7
  4188 | D:6      | Found a glowing drain.
  4207 | Sewer    | Entered a sewer
  4290 | Sewer    | Reached skill level 7 in Fighting
  4386 | Sewer    | Found a white marble altar of Elyvilon.
  4526 | D:6      | Reached **** piety under Trog
  4648 | D:6      | Reached skill level 5 in Shields
  5480 | D:7      | Noticed a hornet
  5489 | D:7      | Killed a hornet
  5490 | D:7      | Reached skill level 8 in Fighting
  5511 | D:7      | Noticed a troll
  5511 | D:7      | Noticed Sapher's ghost (amateur OnWr)
  5512 | D:7      | Noticed a boulder beetle
  5561 | D:7      | Reached XP level 9. HP: 80/81 MP: 8/8
  5883 | D:7      | Noticed Maurice
  5891 | D:7      | Killed Maurice
  6087 | D:7      | Found a transporter.
  6106 | D:7      | Found a transporter.
  6192 | D:8      | You fall into a shaft and drop 2 floors!
  6192 | D:10     | Entered Level 10 of the Dungeon
  6282 | D:10     | Reached skill level 9 in Fighting
  6320 | D:10     | Noticed a gargoyle
  6332 | D:10     | Killed a gargoyle
  6385 | D:10     | Found a flagged portal.
  6394 | Bailey   | Entered a bailey
  6484 | Bailey   | Noticed a gargoyle
  6496 | Bailey   | Killed a gargoyle
  6497 | Bailey   | Reached skill level 10 in Axes
  6497 | Bailey   | Reached XP level 10. HP: 68/93 MP: 9/9
  6662 | Bailey   | Reached skill level 10 in Fighting
  6744 | Bailey   | Found the +3 pair of gauntlets of War {Slay+5}
  6869 | Bailey   | Identified the amulet of Dodghihun {Reflect rN+++ Regen+
                  | Int-3 Dex-5 SH+5}
  7014 | D:10     | Noticed a two-headed ogre
  7023 | D:10     | Killed a two-headed ogre
  7024 | D:10     | Reached skill level 10 in Armour
  7176 | D:9      | Reached skill level 11 in Fighting
  7203 | D:9      | Reached ***** piety under Trog
  7422 | D:8      | Received a gift from Trog
  7530 | D:8      | Noticed Grum
  7532 | D:8      | Reached XP level 11. HP: 104/104 MP: 10/10
  7536 | D:8      | Killed Grum
  7639 | D:8      | Noticed Erica
  7652 | D:8      | Killed Erica
  7653 | D:8      | Reached skill level 12 in Fighting
  7849 | D:8      | Noticed Amaemon
  7860 | D:8      | Killed Amaemon
  8004 | D:8      | Noticed a two-headed ogre
  8004 | D:8      | Noticed a purple ugly thing
  8021 | D:8      | Killed a purple ugly thing
  8023 | D:8      | Killed a two-headed ogre
  8151 | D:9      | Noticed Harold
  8153 | D:9      | Noticed a two-headed ogre
  8159 | D:9      | Killed Harold
  8161 | D:9      | Killed a two-headed ogre
  8173 | D:9      | Reached skill level 13 in Fighting
  8561 | D:9      | Found a staircase to the Orcish Mines.
  8904 | D:11     | Found Hur Muat's Distillery.
  8906 | D:11     | Bought a potion of heal wounds for 75 gold pieces
  8910 | D:11     | Noticed a two-headed ogre
  8911 | D:11     | Noticed a two-headed ogre
  8918 | D:11     | Killed a two-headed ogre
  8918 | D:11     | Killed a two-headed ogre
  8976 | D:11     | Reached XP level 12. HP: 115/115 MP: 11/11
  9029 | D:11     | Found a staircase to the Lair.
  9072 | Lair:1   | Entered Level 1 of the Lair of Beasts
  9167 | Lair:1   | Reached skill level 14 in Fighting
  9267 | Lair:1   | Noticed a death yak
  9268 | Lair:1   | Noticed a death yak
  9268 | Lair:1   | Noticed a death yak
  9269 | Lair:1   | Noticed a death yak
  9269 | Lair:1   | Noticed a death yak
  9277 | Lair:1   | Killed a death yak
  9278 | Lair:1   | Killed a death yak
  9278 | Lair:1   | Killed a death yak
  9279 | Lair:1   | Killed a death yak
  9280 | Lair:1   | Killed a death yak
  9465 | Lair:1   | Reached skill level 15 in Fighting
  9527 | Lair:1   | Reached skill level 15 in Axes
  9697 | Lair:2   | Noticed Prince Ribbit
  9710 | Lair:2   | Reached XP level 13. HP: 98/127 MP: 12/12
  9718 | Lair:2   | Killed Prince Ribbit
  9754 | Lair:2   | Found a hole to the Spider Nest.
  9877 | Lair:2   | Found a staircase to the Swamp.
  9950 | Lair:2   | Reached skill level 15 in Armour
 10404 | Lair:3   | Found a dark tunnel.
 10411 | Volcano  | Entered a volcano
 10522 | Volcano  | Reached skill level 1 in Evocations
 10945 | Lair:3   | Reached skill level 16 in Fighting
 11051 | Lair:3   | Identified the +4 rapier of Discretion {freeze, Fly Will-
                  | Int+7}
 11154 | Lair:3   | Identified the +0 chain mail of Erphi {rC+ Slay+6}
 11561 | Lair:4   | Received a gift from Trog
 12006 | Lair:4   | Identified the +3 spear of Annoyance {speed, rC+ Int+2}
 12184 | Lair:4   | Identified the +8 flail "Minotaur's Peril" {drain, ^Drain
                  | rPois Will+}
 12371 | Lair:5   | Entered Level 5 of the Lair of Beasts
 12495 | Lair:5   | Reached XP level 14. HP: 134/138 MP: 13/13
 12499 | Lair:5   | Reached skill level 5 in Evocations
 12553 | Lair:5   | Reached skill level 17 in Fighting
 12892 | Lair:5   | Found a viscous altar of Jiyva.
 12892 | Lair:5   | Found a staircase to the Slime Pits.
 13193 | Lair:5   | Reached skill level 18 in Fighting
 13219 | Lair:5   | Identified the +8 short sword "Widowermaker" {protect, rF+}
 14129 | D:12     | Reached ****** piety under Trog
 14227 | D:12     | Lost intelligence.
 14227 | D:12     | Gained mutation: You are agile. (Dex +4, Str/Int -1) [a
                  | neqoxec]
 14374 | D:12     | Received a gift from Trog
 14861 | D:13     | Found a gate to the Vaults.
 14861 | D:13     | Noticed an ironbound preserver
 14867 | D:13     | Killed an ironbound preserver
 14868 | D:13     | Reached XP level 15. HP: 150/150 MP: 14/14
 14890 | D:13     | Found a portal to a secret trove of treasure.
 14900 | D:13     | Found a gate leading to a gauntlet.
 14909 | Gauntlet | Entered a Gauntlet
 14909 | Gauntlet | Found a transporter.
 14957 | Gauntlet | Found a transporter.
 14960 | Gauntlet | Found a transporter.
 14967 | Gauntlet | Found a runed translucent door.
 14970 | Gauntlet | Found a transporter.
 14972 | Gauntlet | Found a transporter.
 14980 | Gauntlet | Found a transporter.
 14984 | Gauntlet | Found a transporter.
 14992 | Gauntlet | Found a transporter.
 14996 | Gauntlet | Found a transporter.
 15004 | Gauntlet | Found a transporter.
 15025 | Gauntlet | Found a transporter.
 15037 | Gauntlet | Found a transporter.
 15047 | Gauntlet | Identified the +4 tower shield of the Accordion {rF+ rCorr
                  | Int-2 Dex+3}
 15047 | Gauntlet | Identified the amulet of Fyukia {Reflect Will- Int+6 SH+5
                  | Stlth+}
 15050 | Gauntlet | Found a transporter.
 15063 | Gauntlet | Found a transporter.
 15558 | Gauntlet | Identified the +0 robe "Tiuvar" {rPois Str+3}
 15603 | D:13     | Noticed Lodul
 15608 | D:13     | Killed Lodul
 16022 | D:13     | Reached skill level 19 in Fighting
 16563 | D:14     | Received a gift from Trog
 16893 | Swamp:1  | Entered Level 1 of the Swamp
 17451 | Swamp:2  | Noticed a thorn hunter
 17459 | Swamp:2  | Killed a thorn hunter
 18453 | Swamp:2  | Found a runed translucent gate.
 18453 | Swamp:2  | Found a runed translucent gate.
 18453 | Swamp:2  | Found a runed translucent gate.
 18466 | Swamp:2  | Noticed Ricegish's ghost (adept GnFi)
 18466 | Swamp:2  | Noticed Silenth's ghost (adept KoHu)
 18466 | Swamp:2  | Noticed Vudadgh's ghost (adept HuWr)
 18543 | Swamp:2  | Noticed Frances
 18556 | Swamp:2  | Killed Frances
 18557 | Swamp:2  | Reached XP level 16. HP: 162/162 MP: 15/15
 18807 | Swamp:3  | Identified the serpent talisman "Ateukhal" {MP+9 Str+2}
 18807 | Swamp:3  | Noticed Aizul
 18812 | Swamp:3  | Killed Aizul
 19103 | Swamp:3  | Reached skill level 20 in Fighting
 19139 | Swamp:3  | Noticed Jorgrun
 19150 | Swamp:3  | Killed Jorgrun
 19192 | Swamp:3  | Reached skill level 10 in Shields
 19382 | Swamp:4  | Entered Level 4 of the Swamp
 19446 | Swamp:4  | Received a gift from Trog
 19682 | Swamp:4  | Paralysed by an ogre mage for 5 turns
 19722 | Swamp:4  | Noticed a thorn hunter
 19728 | Swamp:4  | Slain by a swamp worm

Illustrated notes

Levels and vault maps discovered:
D:1:      ebering_trefoil_3fold, layout_basic,
          dreamdust_ecumenical_altar_statues
D:2:      layout_rooms, serial_shops, shop, nrook_campfire, minmay_hexomino_f4,
          uniq_natasha, uniq_terence
D:3:      layout_loops_cross, zin_statuary, uniq_robin
D:4:      layout_basic, general_overflow_altar, serial_park_tiny_pond,
          minmay_ruptured
D:5:      wander_river, layout_rooms, temple_doors_e, serial_shops, shop,
          nicolae_shop_advertising_works [nicolae_subvault_shop_adworks],
          kennysheep_mini, serial_co_window_serial, co_window_corner_a,
          co_window_corner_a, co_window_paths_b, co_window_paths_b,
          co_window_corner_a, co_window_of_opportunity_a, co_window_paths_c,
          co_window_of_opportunity_c, co_window_corner_b, co_window_broadway_c,
          co_window_2corner, co_window_paths_e, glass_columns_a,
          glass_columns_b, glass_columns_a, glass_columns_b, grunt_decor_cap
D:6:      layout_rooms, serial_bayou, serial_bayou_crossing,
          serial_bayou_shore_a, serial_bayou_shore_b, serial_bayou_pond_e,
          cheibrodos_sewer_entry_bend
D:7:      layout_rooms, nzn_ghost_randoct, uniq_maurice
D:8:      layout_loops_ring, minmay_manual_mandibuliform, uniq_erica, uniq_grum,
          uniq_amaemon
D:9:      minmay_flawed_box, layout_cave_pools, hiddenorc1_lemuel,
          nicolae_benzene_ring, uniq_harold
D:10:     layout_basic, enter_bailey_2
D:11:     layout_cave_pools, erik_lair_orcish_takeover, serial_shops, shop
D:12:     layout_long_grid
D:13:     layout_basic, skrybe_vaults_entry_preservation,
          portal_ice_cave_demonic_guard, gauntlet_entry_generic, enter_trove_0,
          kennysheep_generic_room_6, uniq_lodul
D:14:     layout_loops_ring, hangedman_decor_points, item_on_display_a
Lair:1:   layout_roguey, grunt_megastairs_5
Lair:2:   layout_gridlike, skrybe_swamp_entry_bodies,
          spider_nest_entry_web_field, uniq_prince_ribbit2
Lair:3:   layout_regular_city, nicolae_volcano_entry_s_turn,
          pdpol_lair_cavern_descent
Lair:4:   layout_regular_city
Lair:5:   gammafunk_lair_ancient_temple, layout_long_grid,
          dpeg_slime_entry_enclosed, st_stairs_5, dreamdust_mushroom_princess,
          grunt_forest_small_clearings
Swamp:1:  layout_basic_swamp, nicolae_swamp_ascending_descending
Swamp:2:  layout_basic_swamp, gammafunk_ghost_cemetery,
          evilmike_swamp_ruin_rubble_1, uniq_frances
Swamp:3:  layout_basic_swamp, evilmike_swamp_ruin_house_3, uniq_aizul,
          uniq_jorgrun
Swamp:4:  nzn_swamp_witches_coven, layout_basic_swamp,
          nicolae_swamp_decorative_isthmus

Skill      XL: |  1  2  3  4  5  6  7  8  9 10 11 12 13 14 15 16 |
---------------+-------------------------------------------------+-----
Axes           | 4 5 6 7 8 10 11 13 15 16 18 | 18.1
Fighting       | 4 5 6 8 9 11 13 15 16 18 19 20 | 20.6
Armour         | 3 4 5 7 9 11 13 14 15 17 18 | 18.1
Shields        | 1 3 4 6 9 10 | 10.9
Evocations     | 4 7 8 |  8.6
Dodging        | |  2.8

Action                     |  1- 3 |  4- 6 |  7- 9 | 10-12 | 13-15 | 16-18 || total
---------------------------+-------+-------+-------+-------+-------+-------++-------
  Melee: Hand axe          |    55 |   125 |   240 |   118 |       |       ||   538
         Headbutt          |     8 |    16 |    47 |    59 |    90 |    22 ||   242
         Broad axe         |       |       |       |   167 |   536 |    97 ||   800
 Invoke: Berserk           |     2 |     2 |     5 |     7 |     4 |     3 ||    23
         Trog's Hand       |       |       |     2 |     2 |     4 |     3 ||    11
         Brothers in Arms  |       |       |     1 |     4 |     4 |     1 ||    10
  Evoke: Wand              |       |       |     7 |       |    16 |       ||    23
    Use: Scroll            |       |       |     6 |     2 |    18 |     4 ||    30
         Potion            |       |       |       |     1 |     3 |     4 ||     8
   Stab: Distracted        |       |       |     1 |       |     1 |     1 ||     3
 Armour: Ring mail         |    42 |    78 |     8 |       |       |       ||   128
         Chain mail        |       |       |   136 |   296 |   459 |    92 ||   983
         Plate armour      |       |       |     6 |       |       |       ||     6
  Dodge: Dodged            |    34 |    63 |    81 |   136 |   187 |    19 ||   520
  Block: Buckler           |       |    11 |    42 |   173 |   189 |       ||   415
         Reflection        |       |       |       |     4 |    34 |     4 ||    42
         Tower shield      |       |       |       |       |   214 |   155 ||   369
